 Dungeon Crawl Stone Soup version 0.31.0-4-g52a2dc7128 (console) character file.

Game seed: 9403436870942394544

122 AlterAsc the Chopper (level 5, -7/45 HPs)
             Began as a Hill Orc Fighter on Jan 23, 2024.
             Mangled by Sigmund
             ... wielding a +2 heavy scythe
              (10 damage)
             ... on level 2 of the Dungeon.
             The game lasted 00:03:21 (1318 turns).

AlterAsc the Chopper (Hill Orc Fighter)             Turns: 1318, Time: 00:03:22

Health: -7/45      AC: 14    Str: 21    XL:     5   Next: 6%
Magic:  5/5        EV:  5    Int:  8    God:
Gold:   69         SH:  4    Dex: 10    Spells: 4/4 levels left

rFire   . . .        a - +0 war axe
rCold   . . .        c - +0 buckler
rNeg    . . .        i - +0 plate armour
rPois   .            n - +2 helmet
rElec   .            (no cloak)
rCorr   .            (no gloves)
SInv    .            (no boots)
Will    .....        (no amulet) Stlth
                     (no ring)
HPRegen 0.27/turn    (no ring)
MPRegen 0.09/turn

%: no passive effects
@: mighty
A: no striking features
a: no special abilities


You were on level 2 of the Dungeon.
You visited 1 branch of the dungeon, and saw 2 of its levels.

You collected 69 gold pieces.

Inventory:

Hand Weapons
 a - a +0 war axe (weapon)
 k - a +1 whip of venom
Missiles
 h - 12 stones (quivered)
 r - 4 poisoned darts
Armour
 b - a +0 scale mail
 c - a +0 buckler (worn)
 i - a +0 plate armour (worn)
 n - a +2 helmet (worn)
Wands
 q - a wand of polymorph (10)
Scrolls
 e - 9 scrolls of identify {unknown}
 o - 2 scrolls of teleportation {unknown}
 p - a scroll of enchant weapon {unknown}
Potions
 d - a potion of might
 f - a potion of mutation {unknown}
 g - a potion of haste {unknown}
 j - a potion of degeneration {unknown}
 l - 2 potions of lignification {unknown}
 m - a potion of heal wounds {unknown}


   Skills:
 - Level 3.6 Fighting
 + Level 6.7 Axes
 - Level 3.2 Armour
 - Level 3.2 Shields


You had 4 spell levels left.
You didn't know any spells.
Your spell library was empty.

Dungeon Overview and Level Annotations

Branches:
Dungeon (2/15)

Altars:

Shops:
D:1 [

Annotations:
D:2 Sigmund


Message History

You kill the goblin!
You closely miss the hobgoblin.
The hobgoblin hits you but does no damage.
Something hits you!
The hobgoblin hits you but does no damage.
Things that are here:
a +0 club; a +0 chain mail; a goblin corpse The hobgoblin barely misses you.
You completely miss something. You slash the hobgoblin!
You kill the hobgoblin!
You hear some strange, mumbled words.
A puff of flame appears from out of thin air!
The puff of flame hits you but does no damage.
You slash something! Something hits you!
You barely miss something. You slash something!
You hear some strange, mumbled words.
You are confused.
You closely miss something. Something hits you!
* * * LOW HITPOINT WARNING * * *
You're too confused to move!
You closely miss something.
You hear some strange, mumbled words.
A magic dart appears from out of thin air!
The magic dart hits you but does no damage.
You hear some strange, mumbled words.
Something tries to affect you, but you resist.
You hear some strange, mumbled words.
Something tries to affect you, but you resist.
You bump into the rock wall.
Something hits you but does no damage.
You closely miss something.
You feel less confused.
You hit something but do no damage. Something hits you!
* * * LOW HITPOINT WARNING * * *
You feel very mighty all of a sudden.
You miss something.
You hear some strange, mumbled words.
Something tries to affect you, but you resist.
You miss something. Something hits you!
You die...

#.........#..
#............
#............
#...........#
#..#...##...#
#.##.##.....#
#############.#..##.#....
........).....#.#......#.
..$.....†###..........###
.......{.##.....#####.###
........@?......# #.#..
.........######## #.#..
.........# ###..
.........# #.. .........#
### ##########


There were no monsters in sight!

Vanquished Creatures
  Natasha (thrice) (D:2)
  4 bats
  3 endoplasms
  4 giant cockroaches
  6 goblins
  10 hobgoblins
  A quokka (D:1)
  4 ball pythons
  A frilled lizard (D:1)
  5 kobolds
  4 rats
45 creatures vanquished.

Notes
Turn   | Place    | Note
-------+----------+-------------------------------------------
     0 | D:1      | AlterAsc the Hill Orc Fighter began the quest for the Orb.
     0 | D:1      | Reached XP level 1. HP: 19/19 MP: 1/1
    24 | D:1      | Reached skill level 3 in Axes
   203 | D:1      | Reached XP level 2. HP: 23/26 MP: 2/2
   278 | D:1      | Reached skill level 4 in Axes
   402 | D:1      | Found Amys's Armour Shop.
   470 | D:1      | Found a faded altar of an unknown god.
   672 | D:1      | Reached XP level 3. HP: 31/31 MP: 3/3
   953 | D:2      | Noticed Natasha
   959 | D:2      | Killed Natasha
   960 | D:2      | Reached skill level 5 in Axes
   960 | D:2      | Reached XP level 4. HP: 39/39 MP: 4/4
  1178 | D:2      | Noticed Natasha
  1185 | D:2      | Killed Natasha
  1186 | D:2      | Reached skill level 6 in Axes
  1196 | D:2      | Noticed Natasha
  1207 | D:2      | Killed Natasha
  1245 | D:2      | Reached XP level 5. HP: 45/45 MP: 5/5
  1297 | D:2      | Noticed Sigmund
  1315 | D:2      | HP: 2/45 [something (11)]
  1318 | D:2      | Mangled by Sigmund

Illustrated notes

Levels and vault maps discovered:
D:1:      nicolae_arrival_washed_ashore, layout_loops_ring, serial_shops,
          nicolae_shop_pleasant_corner_grove,
          hellmonk_ecumenical_altar_prayer_group
D:2:      layout_rooms, uniq_sigmund, uniq_natasha

Skill      XL: |  1  2  3  4 |
---------------+-------------+-----
Axes           | 3 4 5 6 |  6.7
Fighting       | |  3.6
Armour         | |  3.2
Shields        | |  3.2

Action                     |  1- 3 |  4- 6 || total
---------------------------+-------+-------++-------
  Melee: War axe           |    86 |    35 ||   121
         Unarmed           |       |     5 ||     5
    Use: Potion            |       |     1 ||     1
 Armour: Scale mail        |    42 |       ||    42
         Plate armour      |    23 |    28 ||    51
         Skin              |       |     1 ||     1
  Dodge: Dodged            |    30 |     7 ||    37
  Block: Buckler           |    18 |     5 ||    23
